AoeStats
← azimkhan1545

Arabia

510153923Analyzed
1v1 RM · 2d ago on Sep 29, 2026· 56m 32s· 2 players
Game mode
Random Map
Map size
Tiny (2 player)
Population
200
Speed
Normal
Resources
Standard
Victory
Conquest
Starting age
Dark Age
Ending age
Imperial Age
RankedLock teamsTeams togetherTeam positionsShared explorationLock speedFull tech treeHidden civsTurbo modeCheats
Victory
Defeat
🇺🇿 Byzantines · Uzbekistan
692
+20
🇺🇸 Vietnamese · United States
679
-15
TimHa
1:17 Loom
9:31 Loom
11:26 Feudal Age
12:09 Horse Collar
12:20 Double-Bit Axe
16:08 Wheelbarrow
22:00 Castle Age
20:24 Fletching
20:55 Padded Archer Armor
23:27 Hand Cart
23:43 Thumb Ring
24:36 Bow Saw
26:39 Squires
27:18 Crossbowman
28:14 Bodkin Arrow
30:51 Stone Mining
36:44 Leather Archer Armor
43:37 Imperial Age
50:09 Bloodlines
50:06 Husbandry
49:34 Light Cavalry
azimkhan1545
8:57 Loom
12:08 Feudal Age
12:47 Man-at-Arms
16:11 Forging
17:55 Scale Barding Armor
18:59 Double-Bit Axe
22:36 Wheelbarrow
26:26 Castle Age
28:05 Gold Mining
28:05 Stone Mining
28:41 Scale Mail Armor
30:13 Horse Collar
31:34 Bow Saw
32:27 Chain Mail Armor
35:44 Iron Casting
36:00 Husbandry
44:52 Imperial Age
53:02 Chain Barding Armor
Connection lost

Rejoining the realm…

Still unreachable

The connection could not be restored.

Session expired

The server has moved on; the page needs a fresh start.